 Dungeon Crawl Stone Soup version 0.27-a0-531-gb72ec1a1b6 (webtiles) character file.

Game seed: 12481888483881192911

53 Grindelwald the Vexing (level 3, 0/15 HPs)
             Began as a Felid Enchanter on Mar 5, 2021.
             Slain by a howler monkey (3 damage)
             ... on level 5 of the Dungeon.
             The game lasted 00:14:58 (5140 turns).

Grindelwald the Vexing (Felid Enchanter)            Turns: 5140, Time: 00:14:58

Health: 0/15       AC:  1    Str:  4    XL:     3   Next: 62%
Magic:  5/7        EV: 18    Int: 17    God:
Gold:   115        SH:  0    Dex: 16    Spells: 1/7 levels left
                                        Lives:  0   Deaths: 1

rFire    . . .     SeeInvis +     - Unarmed
rCold    + . .     Faith    .   (shield unavailable)
rNeg     . . .     Spirit   .   (armour unavailable)
rPois    .         Reflect  .   (helmet unavailable)
rElec    .         Harm     .   (cloak unavailable)
rCorr    .         Rampage  .   (gloves unavailable)
Will     .....                  (boots unavailable)
Stlth    +++.......             (no amulet)
HPRegen  0.05/turn              o - ring of protection from cold
MPRegen  0.10/turn              (no ring)

@: quick
A: very small, claws 1, fangs 3, see invisible, speed 1, shaggy fur 1, stealthy
paws, no weapons or thrown items, no armour, multi-lived
a: no special abilities


You were on level 5 of the Dungeon.
You visited 1 branch of the dungeon, and saw 5 of its levels.

You collected 115 gold pieces.

Inventory:

Jewellery
 n - an amulet of faith
 o - a ring of protection from cold (left paw)
Wands
 k - a wand of polymorph (10)
Scrolls
 b - 2 scrolls of identify {unknown}
 d - 6 scrolls of amnesia {unknown}
 e - a scroll of immolation {unknown}
 j - a scroll of teleportation {unknown}
 m - a scroll of enchant armour {unknown}
Potions
 a - 2 potions of might {unknown}
 c - a potion of heal wounds {unknown}
 f - a potion of attraction {unknown}
 g - a potion of invisibility {unknown}
 h - a potion of flight {unknown}
 i - a potion of lignification {unknown}
 l - a potion of curing {unknown}


   Skills:
 + Level 1.5 Fighting
 + Level 3.5 Dodging
 + Level 4.7 Stealth
 + Level 2.0 Unarmed Combat
 + Level 2.5 Spellcasting
 + Level 5.1 Hexes


You had one spell level left.
You knew the following spells:

 Your Spells              Type           Power      Damage    Failure   Level
a - Corona                Hex            21%        N/A       2%          1
b - Ensorcelled Hibernat  Hex/Ice        20%        N/A       10%         2
c - Confusing Touch       Hex            19%        N/A       7%          3

Your spell library contained the following spells:

 Spells                   Type           Power      Damage    Failure   Level
 Tukima's Dance           Hex            19%        N/A       7%          3
 Dazzling Flash           Conj/Hex       20%        N/A       19%         3


Dungeon Overview and Level Annotations

Branches:
Dungeon (5/15)
 Temple: D:4-7

Altars:

Shops:
D:5 [

Annotations:
D:3 2 exclusions
D:5 Crazy Yiuf


Innate Abilities, Weirdness & Mutations

You have sharp claws.
You have razor-sharp teeth.
You have supernaturally acute eyesight. (SInv)
You cover ground quickly. (Speed+)
You are covered in fur. (AC +1)
Your stealthy paws help you sneak and pounce on unaware monsters.
You are incapable of wielding weapons or throwing items.
You cannot wear armour.
You gain extra lives every three experience levels.


Message History

Aim: a howler monkey (chance to affect: 50%)
The howler monkey resists with some effort.
Casting: Ensorcelled Hibernation (safe; 10% risk of failure)
Confirm with . or Enter, or press ? or * to list all spells.
Aiming: Ensorcelled Hibernation (safe; 10% risk of failure)
Press: ? - help, Shift-Dir - straight line, f/p - howler monkey
Aim: a howler monkey (chance to affect: 50%)
The howler monkey looks drowsy...
The helpless howler monkey fails to defend itself.
You claw the howler monkey!
The howler monkey is heavily wounded.
The howler monkey completely misses you.
You scratch the howler monkey. You bite the howler monkey.
The howler monkey is severely wounded.
The howler monkey misses you.
You closely miss the howler monkey.
The howler monkey is severely wounded.
The howler monkey hoots and howls with incredible vigour!
You hear an angry hiss.
You hear a bark!
You scratch the howler monkey. Your bite misses the howler monkey.
The howler monkey is almost dead.
The howler monkey closely misses you.
You scratch the howler monkey but do no damage.
The howler monkey is almost dead.
The howler monkey misses you. The leopard gecko misses you.
You barely miss the howler monkey.
The howler monkey is almost dead.
The howler monkey hits you. The leopard gecko misses you. The gnoll hits you!
The gnoll hits you from afar with a +0 spear.
* * * LOW HITPOINT WARNING * * *
The leopard gecko bites you.
* * * LOW HITPOINT WARNING * * *
An adder comes into view.
The howler monkey hoots and howls with incredible vigour!
You hear a bark!
You scratch the leopard gecko.
The leopard gecko is heavily wounded.
The leopard gecko barely misses you.
You barely miss the leopard gecko.
The leopard gecko is heavily wounded.
The leopard gecko misses you. The leopard gecko barely misses you.
You barely miss the leopard gecko.
The leopard gecko is heavily wounded.
The leopard gecko barely misses you.
You closely miss the leopard gecko. You bite the leopard gecko.
You kill the leopard gecko!
The howler monkey hoots and howls with incredible vigour!
You hear a bark!
The howler monkey hits you.
You die...

................####.......
..................#.....g.g
........................!..
[.............######.......
.............## ##......
#.........g.## ###....
#####...##Sg# #...
######h## #.. ##@# #. #..#
#.#### ##.#..## #......##
#.......# ##.#......#
#..#....... . #..#.######


You could see a howler monkey (catching breath), 2 gnolls and an adder.

Vanquished Creatures
  A howler monkey skeleton (D:4)
  2 adders (D:4)
  An adder skeleton (D:4)
  2 worms
  3 dart slugs
  2 leopard geckos
  5 orcs
  2 giant cockroaches
  7 goblins
  4 hobgoblins
  3 jackals
  2 kobolds
  2 quokkas
  2 ball pythons
  9 bats
  9 frilled lizards
  2 jackal skeletons (D:4)
  5 rats
63 creatures vanquished.

Notes
Turn   | Place    | Note
-------+----------+-------------------------------------------
     0 | D:1      | Grindelwald the Felid Enchanter began the quest for the
                  | Orb.
     0 | D:1      | Reached XP level 1. HP: 7/7 MP: 4/4
   519 | D:1      | Reached XP level 2. HP: 10/12 MP: 4/6
   548 | D:1      | Learned a level 2 spell: Ensorcelled Hibernation
  1795 | D:2      | Reached XP level 3. HP: 15/15 MP: 7/7
  1799 | D:2      | Learned a level 3 spell: Confusing Touch
  2235 | D:2      | Reached skill level 1 in Fighting
  3740 | D:4      | Reached XP level 4. HP: 18/19 MP: 4/8
  3829 | D:4      | Reached skill level 5 in Hexes
  4105 | D:4      | Noticed a bullfrog
  5002 | D:5      | Entered Level 5 of the Dungeon
  5002 | D:5      | Found Dobramee's Armour Shoppe.
  5023 | D:5      | Found a runed translucent door.
  5024 | D:5      | Noticed Crazy Yiuf
  5047 | D:5      | Slain by Crazy Yiuf
  5048 | D:5      | Reached XP level 3. HP: -3/14 MP: 3/7
  5140 | D:5      | Slain by a howler monkey

Illustrated notes

Levels and vault maps discovered:
D:1:      noname_arrival_rooms_in_the_neighbourhood, layout_loops_corners,
          dk_noncrumbling_4
D:2:      layout_loops_cross
D:3:      layout_basic
D:4:      layout_rooms, grunt_decor_junction
D:5:      layout_cave_pods, serial_shops, shop, uniq_crazy_yiuf_cottage

Skill      XL: |  1  2  3  4 |
---------------+-------------+-----
Dodging        | 3 |  3.5
Fighting       | 1 |  1.5
Hexes          | 5 |  5.1
Unarmed Combat | 2 |  2.0
Stealth        | |  4.7
Spellcasting   | |  2.5

Action                   |  1- 3 |  4- 6 || total
-------------------------+-------+-------++-------
Melee: Unarmed           |   131 |    41 ||   172
       Bite              |     7 |     6 ||    13
       Punch             |     1 |     1 ||     2
 Cast: Corona            |    10 |     1 ||    11
       Ensorcelled Hiber |    39 |    10 ||    49
       Confusing Touch   |     2 |     6 ||     8
 Stab: Sleeping          |    34 |     7 ||    41
       Confused          |     2 |     1 ||     3
Armor: Skin              |     6 |     2 ||     8
Dodge: Dodged            |   101 |    25 ||   126

Table legend: (Time is in decaauts)
 A = Elapsed time spent in this place.
 B = Non-inter-level travel time spent in this place.
 C = Inter-level travel time spent in this place.
 D = Time resting spent in this place.
 E = Time spent auto-exploring this place.
 F = Levels seen in this place.
 G = Mean time per level.
                   A        B        C        D        E       F      G
               +--------+--------+--------+--------+--------+-----+--------+
         Total |   4578 |   4464 |    114 |    841 |   2329 |   5 |  915.6 |
       Dungeon |   4578 |   4464 |    114 |    841 |   2329 |   5 |  915.6 |
               +--------+--------+--------+--------+--------+-----+--------+

Top non-repeatable levels by time:
     D:2: 1471 daAuts
     D:1: 1386 daAuts
     D:3: 881 daAuts
     D:4: 725 daAuts
     D:5: 113 daAuts
